 Dungeon Sprint DCSS version bcrawl-1.27.5 (webtiles) character file.

Game seed: 1976519105476153095

1190919 Freyura the Bludgeoner (level 9, -10/110 HPs)
             Began as an Ogre Fighter on Aug 20, 2020.
             Was an Elder of Okawaru.
             Mangled by a five-headed hydra (16 damage)
             ... in the Dungeon (Sprint IX: "|||||||||||||||||||||||||||||").
             The game lasted 00:05:29 (801 turns).

Freyura the Bludgeoner (Ogre Fighter)                Turns: 801, Time: 00:05:29

Health: -10/110    AC:  3    Str: 26    XL:     9   Next: 75%
Magic:  14/15      EV: 18    Int:  9    God:    Okawaru [****..]
Gold:   0          SH:  0    Dex: 13    Spells: 8/8 levels left

rFire    . . .     SeeInvis .   o - +2 morningstar (crush)
rCold    . . .     Gourm    .   (no shield)
rNeg     . . .     Faith    .   b - +0 robe
rPois    .         Spirit   .   (helmet restricted)
rElec    .         Reflect  .   (no cloak)
rCorr    .         Harm     .   (gloves unavailable)
MR       .....     NoTele   +   (boots unavailable)
Stlth    +++.......             (no amulet)
HPRegen  0.28/turn              a - +3 ring of dexterity
MPRegen  0.14/turn              p - +3 ring of strength

@: heroism
A: large, unfitting armour, tough skin 1
a: Heroism, Renounce Religion


You were in the Dungeon.
You worshipped Okawaru.
Okawaru was greatly pleased with you.
You were hungry.

You visited 1 branch

Inventory:

Hand Weapons
 o - a +2 morningstar of crushing (weapon)
Armour
 b - a +0 robe (worn)
Jewellery
 a - a +3 ring of dexterity (left hand)
 p - a +3 ring of strength (right hand)
Wands
 n - a wand of iceblast (10)
Scrolls
 k - 4 scrolls of blinking
 l - 5 scrolls of remove curse
 m - 2 scrolls of amnesia
 q - a scroll of identify
 r - 2 scrolls of enchant armour
Potions
 c - 5 potions of heal wounds
 d - a potion of might
 f - 5 potions of curing
 g - a potion of mutation
 h - 3 potions of haste
 i - 4 potions of magic
 j - a potion of invisibility
Comestibles
 e - 2 rations {!d}


   Skills:
 + Level 13.5(18.5) Fighting
 * Level 16.3(21.3) Maces & Flails
 + Level 9.9(14.9) Dodging
   Level 2.6(7.6) Shields
 + Level 9.0 Invocations


You had 8 spell levels left.
You didn't know any spells.
Your spell library was empty.

Dungeon Overview and Level Annotations

Branches:
Dungeon (1/1)

Altars:
Cheibriados
Dithmenos
Elyvilon
Fedhas
Gozag
Hepliaklqana
Kikubaaqudgha
Lugonu
Makhleb
Nemelex Xobeh
Okawaru
Qazlal
Ru
Sif Muna
Trog
Uskayaw
Vehumet
Wu Jian
Xom
Yredelemnul
Zin
The Shining One
Beogh
Jiyva


Innate Abilities, Weirdness & Mutations

You are too large for most types of armour.
You have tough skin. (AC +1)


Message History

The five-headed hydra bites you!
* * * LOW HITPOINT WARNING * * *
You puncture the five-headed hydra!
The five-headed hydra is heavily wounded.
You feel much better. The five-headed hydra bites you. x2
* * * LOW HITPOINT WARNING * * *
The five-headed hydra bites you!
* * * LOW HITPOINT WARNING * * *
The five-headed hydra misses you.
The five-headed hydra closely misses you.
You sock the five-headed hydra!
The five-headed hydra is severely wounded.
The five-headed hydra bites you!
* * * LOW HITPOINT WARNING * * *
The five-headed hydra barely misses you.
The five-headed hydra closely misses you.
The five-headed hydra bites you.
* * * LOW HITPOINT WARNING * * *
The five-headed hydra bites you!
You die...

▓.▓.▓.▓
▓.▓.▓.▓
▓.▓.▓.▓
▓'▓.▓.▓
▓_▓.▓.▓
▓_▓.▓.▓
▓_▓.▓.▓
▓_▓.▓.▓
▓_▓.▓@▓
▓_▓.▓D▓
▓_▓.▓t▓
▓_▓.▓t▓
▓_▓.▓F▓
▓_▓.▓r▓
▓_▓.▓l▓
▓_▓.▓.▓
▓_▓.▓


You could see a five-headed hydra, a komodo dragon, a cane toad, 2 crocodiles
and a porcupine.

Vanquished Creatures
  A centaur warrior (D)
  An orb spider (shapeshifter) (D)
  An ugly thing (D)
  A cane toad (D)
  A hippogriff (D)
  A slime creature (D)
  An acid dragon (D)
  3 ice beasts (D)
  A wolf (D)
  A phantom (D)
  A centaur (D)
  A bullfrog (D)
  A scorpion (D)
  A crimson imp (D)
  A quasit (D)
  2 adders (D)
  An orc (D)
  A goblin (D)
  A hobgoblin (D)
  A jackal (D)
  A kobold (D)
  A rat (D)
25 creatures vanquished.

Notes
Turn   | Place    | Note
-------+----------+-------------------------------------------
     0 | D        | Freyura the Ogre Fighter began the quest for the Orb.
     0 | D        | Reached XP level 1. HP: 24/24 MP: 1/1
    15 | D        | Reached skill level 3 in Maces & Flails
   101 | D        | Noticed a bullfrog
   101 | D        | Noticed an ice beast
   101 | D        | Noticed an ice beast
   107 | D        | Killed a bullfrog
   107 | D        | Reached skill level 7 in Maces & Flails
   107 | D        | Reached XP level 2. HP: 32/37 MP: 2/2
   107 | D        | Reached XP level 3. HP: 39/45 MP: 3/3
   107 | D        | Reached XP level 4. HP: 46/53 MP: 4/4
   111 | D        | Killed an ice beast
   111 | D        | Reached skill level 9 in Maces & Flails
   111 | D        | Reached skill level 5 in Dodging
   111 | D        | Reached XP level 5. HP: 40/63 MP: 5/5
   116 | D        | Killed an ice beast
   116 | D        | Reached skill level 10 in Maces & Flails
   116 | D        | Reached XP level 6. HP: 33/75 MP: 6/6
   256 | D        | Found a roughly hewn altar of Beogh.
   256 | D        | Found a snail-covered altar of Cheibriados.
   256 | D        | Found a shadowy altar of Dithmenos.
   256 | D        | Found a white marble altar of Elyvilon.
   256 | D        | Found a blossoming altar of Fedhas.
   256 | D        | Found an opulent altar of Gozag.
   257 | D        | Found a hazy altar of Hepliaklqana.
   258 | D        | Found a viscous altar of Jiyva.
   259 | D        | Found an ancient bone altar of Kikubaaqudgha.
   260 | D        | Found a corrupted altar of Lugonu.
   261 | D        | Found a burning altar of Makhleb.
   262 | D        | Found a sparkling altar of Nemelex Xobeh.
   263 | D        | Found an iron altar of Okawaru.
   264 | D        | Found a stormy altar of Qazlal.
   265 | D        | Found a sacrificial altar of Ru.
   266 | D        | Found a shimmering blue altar of Sif Muna.
   267 | D        | Found a bloodstained altar of Trog.
   268 | D        | Found a hide-covered altar of Uskayaw.
   269 | D        | Found a radiant altar of Vehumet.
   270 | D        | Found an ornate altar of the Wu Jian Council.
   271 | D        | Became a worshipper of Warmaster Okawaru
   272 | D        | Found a shimmering altar of Xom.
   273 | D        | Found a basalt altar of Yredelemnul.
   274 | D        | Found a glowing silver altar of Zin.
   275 | D        | Found a glowing golden altar of the Shining One.
   304 | D        | Noticed a phantom
   304 | D        | Noticed an acid dragon
   304 | D        | Noticed an ice beast
   312 | D        | Reached skill level 11 in Maces & Flails
   312 | D        | Reached skill level 1 in Invocations
   314 | D        | Killed an acid dragon
   314 | D        | Reached skill level 10 in Fighting
   320 | D        | Killed an ice beast
   320 | D        | Reached * piety under Okawaru
   320 | D        | Reached skill level 12 in Maces & Flails
   320 | D        | Reached XP level 7. HP: 26/85 MP: 6/9
   472 | D        | Noticed a hog
   472 | D        | Noticed a centaur warrior
   472 | D        | Noticed a slime creature
   472 | D        | Noticed a green ugly thing
   474 | D        | Noticed a spriggan
   474 | D        | a hog changed into a spriggan
   481 | D        | Noticed an orb spider
   481 | D        | a spriggan changed into an orb spider
   484 | D        | Killed an orb spider
   484 | D        | Reached ** piety under Okawaru
   484 | D        | Reached skill level 13 in Maces & Flails
   484 | D        | Reached XP level 8. HP: 71/97 MP: 10/12
   491 | D        | Killed a centaur warrior
   491 | D        | Reached *** piety under Okawaru
   491 | D        | Reached skill level 14 in Maces & Flails
   491 | D        | Reached XP level 9. HP: 10/107 MP: 10/14
   497 | D        | Reached skill level 15 in Maces & Flails
   501 | D        | Killed a green ugly thing
   501 | D        | Reached **** piety under Okawaru
   781 | D        | Noticed a cane toad
   781 | D        | Noticed a cane toad
   784 | D        | Noticed a five-headed hydra
   786 | D        | Reached skill level 16 in Maces & Flails
   795 | D        | Killed a cane toad
   796 | D        | Noticed a komodo dragon
   801 | D        | Mangled by a five-headed hydra

Skill      XL: |  1  2  3  4  5  6  7  8  9 |
---------------+----------------------------+-----
Maces & Flails | 7 9 10 12 13 14 16 | 16.3
Dodging        | 4 5 6 7 8 9 |  9.9
Fighting       | 6 8 9 10 11 12 13 | 13.5
Invocations    | 3 6 7 9 |  9.0
Shields        | |  2.6

Action                   |  1- 3 |  4- 6 |  7- 9 || total
-------------------------+-------+-------+-------++-------
Melee: Flail             |    25 |    14 |       ||    39
       Morningstar       |       |    16 |    62 ||    78
Invok: Heroism           |       |       |     1 ||     1
  Use: Potion            |     1 |       |     4 ||     5
  Eat: Chunk             |       |       |     2 ||     2
Armor: Robe              |     3 |     2 |     3 ||     8
Dodge: Dodged            |    16 |    10 |    48 ||    74
